AoeStats
← KnaidelCobra4

Golden Pit

509601812Analyzed
1v1 RM · 3d ago on Sep 27, 2026· 25m 40s· 2 players
Game mode
Random Map
Map size
Tiny (2 player)
Population
200
Speed
Normal
Resources
Standard
Victory
Conquest
Starting age
Dark Age
Ending age
Imperial Age
RankedLock teamsTeams togetherTeam positionsShared explorationLock speedFull tech treeHidden civsTurbo modeCheats
Victory
Defeat
🇪🇸 Saracens · Spain
1200
+16
🇨🇭 Khitans · Switzerland
1201
-16
KnaidelCobra4
6:08 Loom
9:11 Feudal Age
9:42 Double-Bit Axe
19:27 Castle Age
21:33 Bow Saw
22:28 Forging
22:21 Gold Mining
25:30 Husbandry
dr.fux
9:20 Feudal Age
10:36 Double-Bit Axe
11:52 Domestication
16:51 Forging
18:00 Scale Barding Armor
19:04 Loom
19:55 Wheelbarrow
19:06 Town Watch
23:46 Castle Age
22:23 Fletching
22:33 Padded Archer Armor
24:36 Light Cavalry
25:17 Husbandry
Connection lost

Rejoining the realm…

Still unreachable

The connection could not be restored.

Session expired

The server has moved on; the page needs a fresh start.